 Dungeon Crawl Stone Soup version 0.13.1-27-ga479965 (webtiles) character file.

154 Chiseanne the Firebug (level 3, 0/24 HPs)
             Began as a Mummy Fire Elementalist on Feb 15, 2014.
             Slain by an adder (4 damage)
             ... on Level 2 of the Dungeon.
             The game lasted 00:04:13 (2071 turns).

Chiseanne the Firebug (Mummy Fire Elementalist)     Turns: 2071, Time: 00:04:13

HP   0/24        AC  4     Str 11      XL: 3   Next: 71%
MP   2/6         EV 12     Int 15      God:
Gold 98          SH  0     Dex 14      Spells:  2 memorised,  2 levels left

Res.Fire  : x . .   See Invis. : .   i - +2,+0 club {*Bat-Crusher*}
Res.Cold  : + . .   Warding    : .   m - +0 robe
Life Prot.: + + +   Conserve   : .   (no shield)
Res.Poison: +       Res.Corr.  : .   (no helmet)
Res.Elec. : .       Clarity    : .   (no cloak)
Sust.Abil.: . .     Spirit.Shd : .   h - +1 pair of gloves
Res.Mut.  : .       Stasis     : .   (no boots)
Res.Rott. : +       Flight     : .   (no amulet)
Saprovore : . . .                    l - +2 ring of dexterity
                                     d - ring of sustenance {unknown}

@: very slightly contaminated, slightly resistant to hostile enchantments,
fairly stealthy
A: no food or potions, fire vulnerability, restore body, cold resistance 1, life
protection 3, poison resistance, torment resistance, unbreathing
a: no special abilities


You were on level 2 of the Dungeon.
You were not hungry.

You visited 1 branch of the dungeon, and saw 2 of its levels.

You collected 78 gold pieces.

Inventory:

Hand weapons
 i - a +2,+0 club (weapon) {*Bat-Crusher*}
Missiles
 c - 41 sling bullets
 e - 39 stones (quivered)
 f - 35 arrows
 k - 25 bolts
Armour
 h - a +1 pair of gloves (worn)
 m - a +0 robe (worn)
Scrolls
 a - a scroll of identify {unknown}
 g - 2 scrolls of remove curse {unknown}
Jewellery
 d - a ring of sustenance (left hand) {unknown}
 l - a +2 ring of dexterity (right hand)
Books
 b - a book of Flames

   Spells                             Type                      Level
   *Flame Tongue                      Conjuration/Fire             1
   *Throw Flame                       Conjuration/Fire             2
   Conjure Flame                      Conjuration/Fire             3
   Inner Flame                        Hexes/Fire                   3
   Sticky Flame                       Conjuration/Fire             4
   Fireball                           Conjuration/Fire             5
 j - a book of the Warp

   Spells                             Type                      Level
   Recall                             Summoning/Translocation      3
   Control Teleport                   Charms/Translocation         4
   Phase Shift                        Translocation                5
   Warp Weapon                        Charms/Translocation         5
   Dispersal                          Translocation                6
   Controlled Blink                   Translocation                7
   Disjunction                        Translocation                8


   Skills:
 - Level 1.5 Dodging
 - Level 1.5 Stealth
 * Level 1.8 Spellcasting
 - Level 0.7 Conjurations
 * Level 3.5 Fire Magic


You had 2 spell levels left.
You knew the following spells:

 Your Spells              Type           Power        Failure   Level  Hunger
a - Flame Tongue          Conj/Fire      #....        12%         1    N/A
b - Throw Flame           Conj/Fire      #.....       14%         2    N/A

Dungeon Overview and Level Annotations

Branches:
Dungeon (2/27)

Altars:


Innate Abilities, Weirdness & Mutations

You do not eat or drink.
Your flesh is vulnerable to fire.
Your flesh is cold resistant.
You are immune to negative energy.
Your system is resistant to poisons.
You are immune to unholy pain and torment.
You can survive without breathing.


Message History

Aiming: Flame Tongue
Press: ? - help, Shift-Dir - straight line, f/p - adder
Aim: an adder (heavily wounded)
The flame misses the adder.
The adder misses you.
Casting: Flame Tongue
Confirm with . or Enter, or press ? or * to list all spells.
Aiming: Flame Tongue
Press: ? - help, Shift-Dir - straight line, f/p - adder
Aim: an adder (heavily wounded)
The flame misses the adder.
The adder closely misses you. The adder bites you but does no damage.
Casting: Flame Tongue
Confirm with . or Enter, or press ? or * to list all spells.
Aiming: Flame Tongue
Press: ? - help, Shift-Dir - straight line, f/p - adder
Aim: an adder (moderately wounded)
The flame hits the adder.
The adder appears unharmed.
The adder is moderately wounded.
The adder bites you.
You die...

##.#.. ....# ## #...# #
. .... ###.## ..#
....... #.# #
##.#####...# #
#.#<....$..# #
.##########@######..###
# ...........S## #.!#.#
# ##########...# #.....
# #.....# #..#.# #
#.#...# #..#.# .
#.##### #..#.# . #.#
#..#.# . #.#
#####.##.####.. #.#
#..............


You could see an adder.

Vanquished Creatures
  2 adders (D:2)
  A giant mite (D:1)
  An ooze (D:2)
  8 bats
  A giant cockroach (D:1)
  7 hobgoblins
  A giant newt (D:1)
  3 goblins
  3 kobolds (D:1)
  6 rats
33 creatures vanquished.

Notes
Turn   | Place    | Note
--------------------------------------------------------------
     0 | D:1      | Chiseanne, the Mummy Fire Elementalist, began the quest for the Orb.
     0 | D:1      | Reached XP level 1. HP: 13/13 MP: 3/3
   509 | D:1      | Reached XP level 2. HP: 17/19 MP: 0/4
   617 | D:1      | Reached skill level 3 in Fire Magic
  1183 | D:1      | Reached XP level 3. HP: 24/24 MP: 6/6
  1241 | D:2      | Learned a level 2 spell: Throw Flame
  2071 | D:2      | Slain by an adder

Action                   || total
-------------------------++-------
Melee: Club              ||   138
       Unarmed           ||     4
 Cast: Flame Tongue      ||    20
  Use: Scroll            ||     5
 Stab: Sleeping          ||     1
